 Dungeon Crawl Stone Soup version 0.21.1-1-g345015f (webtiles) character file.

3873 shitimlost the Covert (level 10, -5/64 HPs)
             Began as a Gargoyle Gladiator on Apr 21, 2018.
             Splashed by Maurice's acid (16 damage)
             ... on level 8 of the Dungeon.
             The game lasted 00:20:36 (8285 turns).

shitimlost the Covert (Gargoyle Gladiator)          Turns: 8285, Time: 00:20:37

Health: -5/64      AC: 12    Str: 20    XL:     10   Next: 19%
Magic:  10/10      EV: 12    Int:  8    God:    Xom [......]
Gold:   132        SH:  0    Dex: 13    Spells: 9/9 levels left

rFire    + . .     SeeInvis .   w - +3 quarterstaff (chaos)
rCold    . . .     Gourm    .   (shield currently unavailable)
rNeg     + + .     Faith    .   e - +0 scale mail
rPois    ∞         Spirit   .   c - +1 helmet
rElec    +         Reflect  .   x - +0 cloak
rCorr    .         Harm     .   (no gloves)
MR       .....                  (no boots)
Stlth    ++........             (no amulet)
HPRegen  0.20/turn              D - ring of positive energy
MPRegen  0.12/turn              s - ring of protection from fire

@: corroded
A: iridescent scales 1, blurry vision 1, negative energy resistance 1,
electricity resistance, unbreathing, petrification resistance, rot immunity,
sturdy frame 1, AC +7
a: Renounce Religion


You were on level 8 of the Dungeon.
You worshipped Xom.
You were a very special plaything of Xom.
You were not hungry.

You visited 1 branch of the dungeon, and saw 8 of its levels.
You also visited: Ossuary.

You collected 432 gold pieces.
You spent 300 gold pieces at shops.

Inventory:

Hand Weapons
 a - a +0 quarterstaff
 l - a +0 hunting sling
 r - a cursed -3 mace
 w - a +3 quarterstaff of chaos (weapon)
 I - the +4 Vampire's Tooth {vamp}
   (You found it on level 6 of the Dungeon)

   It inflicts no extra harm, but heals its wielder when it wounds a living foe.
 M - a +0 flail
Missiles
 q - 2 tomahawks
 F - a throwing net (quivered)
 O - 44 sling bullets
Armour
 b - a +0 leather armour
 c - a +1 helmet (worn)
 e - a +0 scale mail (worn)
 o - a +0 ring mail
 x - a +0 cloak (worn)
Jewellery
 s - a ring of protection from fire (right hand)
 v - an uncursed ring of ice
 D - a ring of positive energy (left hand)
Wands
 u - a wand of flame (69)
 B - a wand of iceblast (5)
 E - a wand of polymorph (17)
 K - a wand of scattershot (7)
 P - a wand of enslavement (15)
Scrolls
 h - a scroll of magic mapping
 i - 8 scrolls of teleportation
 k - a scroll of fog
 m - 6 scrolls of remove curse
 n - a scroll of identify
 p - 2 scrolls of enchant weapon
 y - a scroll of amnesia
Potions
 d - 3 potions of might
 g - 2 potions of lignification
 j - 9 potions of curing
 t - a potion of mutation
 z - 3 potions of magic
 A - 6 potions of heal wounds
 H - a potion of berserk rage
 J - 3 potions of resistance
Books
 C - a book of Conjurations

   Spells                             Type                      Level
   a - Magic Dart                     Conjuration                  1
   b - Searing Ray                    Conjuration                  2
   c - Dazzling Spray                 Conjuration/Hexes            3
   d - Fulminant Prism                Conjuration/Hexes            4
   e - Force Lance                    Conjuration/Translocation    4
   f - Iskenderun's Mystic Blast      Conjuration                  4
Comestibles
 f - 16 rations


   Skills:
 + Level 8.2 Fighting
 + Level 7.8 Staves
 - Level 2.1 Throwing
 + Level 6.1 Armour
 - Level 4.2 Dodging
 + Level 8.3 Stealth


You had 9 spell levels left.
You didn't know any spells.

Dungeon Overview and Level Annotations

Branches:
Dungeon (8/15)             Temple (0/1) D:6
   Lair: D:8-11

Altars:
Xom
The Shining One

Shops:
D:5 [!(   D:7 (*

Annotations:
D:4 Daunt's ghost, novice DDEE
D:8 Maurice


Innate Abilities, Weirdness & Mutations

You are resistant to torment.
Your stone body is resilient. (AC +7)
You are immune to poison.
You resist negative energy. (rN+)
You are resistant to electric shocks. (rElec)
You can survive without breathing.
You are immune to petrification.
You are immune to rotting.
You are partially covered in iridescent scales. (AC +2)
Scrolls take you a little longer to read.
Your movements are slightly less encumbered by armour. (ER -2)


Message History

You hear a zap.
A bolt of acid appears from out of thin air!
The bolt of acid hits you! The acid corrodes you!
You are splashed with acid!
The acid burns!
You sock something! You burn something! You closely miss something.
Something barely misses you.
You miss something.
You hear a zap.
A bolt of acid appears from out of thin air!
The bolt of acid hits you!
You are splashed with acid!
The acid burns!
You sock something! You closely miss something. You miss something.
You hear a zap.
A bolt of acid appears from out of thin air!
The bolt of acid hits you!
* * * LOW HITPOINT WARNING * * *
The acid corrodes you!
You are splashed with acid!
The acid burns!
You die...
Xom is highly amused!

#.# #.# #<#
## ###.#
+..#...#
#.#.#.#
#...#######
###........
#@#######
#{# #.# #..
###


There were no monsters in sight!

Vanquished Creatures
  Pikel (D:4)
  The ghost of Daunt the Geomancer, a novice DDEE of Makhleb (D:6)
  A hippogriff (D:7)
  Eustachio (D:6)
  A naga (D:6)
  An orc warrior (D:7)
  A water moccasin (D:5)
  4 ice beasts
  5 centaurs
  4 bullfrogs
  2 scorpions
  2 vampire bats (D:6)
  A howler monkey (D:4)
  3 crimson imps
  A bullfrog zombie (D:7)
  4 centaur zombies (Ossuary)
  A human zombie (Ossuary)
  4 hounds
  A jelly (D:5)
  3 orc priests
  A gnoll shaman (D:3)
  4 orc wizards
  A bullfrog skeleton (D:5)
  An iguana (D:6)
  Crazy Yiuf (D:2)
  3 worker ants
  An ogre zombie (Ossuary)
  7 mummies (Ossuary)
  8 gnolls
  A howler monkey skeleton (D:5)
  6 adders
  An adder skeleton (D:5)
  4 adder zombies
  A worm (D:2)
  A dart slug (D:5)
  3 leopard geckos (D:6)
  15 orcs
  2 ball pythons
  12 bats
  4 giant cockroaches
  A gnoll zombie (Ossuary)
  2 goblins (D:3)
  11 hobgoblins
  11 jackals
  A quokka (D:6)
  3 frilled lizards
  A goblin zombie (Ossuary)
  6 hobgoblin zombies (Ossuary)
  A jackal skeleton (D:7)
  6 kobolds
  9 kobold zombies (Ossuary)
  4 quokka zombies
  4 rats
  A rat zombie (Ossuary)
  A fungus (D:2)
181 creatures vanquished.

Vanquished Creatures (others)
  Sigmund (D:4)
  2 slaves (D:4)
  3 gnolls (D:4)
  An orc (D:4)
  A quokka (D:4)
  A plant (D:4)
9 creatures vanquished.

Grand Total: 190 creatures vanquished

Notes
Turn   | Place    | Note
-------+----------+-------------------------------------------
     0 | D:1      | shitimlost the Gargoyle Gladiator began the quest for the Orb.
     0 | D:1      | Reached XP level 1. HP: 12/12 MP: 1/1
    39 | D:1      | Reached XP level 2. HP: 14/18 MP: 2/2
   230 | D:1      | Reached XP level 3. HP: 22/22 MP: 3/3
   970 | D:2      | Reached skill level 1 in Stealth
   970 | D:2      | Reached XP level 4. HP: 18/28 MP: 4/4
  1826 | D:2      | Found a runed door.
  1830 | D:2      | Noticed Crazy Yiuf
  1837 | D:2      | Killed Crazy Yiuf
  1837 | D:2      | Reached XP level 5. HP: 32/32 MP: 5/5
  2098 | D:3      | Found a glowing golden altar of the Shining One.
  2647 | D:4      | Noticed a slave
  2872 | D:4      | Noticed Pikel
  2872 | D:4      | Noticed a slave
  2873 | D:4      | Noticed a slave
  2877 | D:4      | Noticed a slave
  2893 | D:4      | Killed Pikel
  2893 | D:4      | Reached skill level 5 in Staves
  2893 | D:4      | Reached XP level 6. HP: 30/40 MP: 6/6
  2893 | D:4      | Reached XP level 7. HP: 33/44 MP: 7/7
  3037 | D:4      | Reached skill level 5 in Fighting
  3102 | D:4      | Noticed Daunt's ghost (novice DDEE)
  4525 | D:4      | Killed Sigmund
  4531 | D:4      | Found a shimmering altar of Xom.
  4578 | D:4      | Became a worshipper of Xom the Unpredictable
  4681 | D:4      | XOM: divination: magic mapping
  4781 | D:4      | Killed a freed slave
  4825 | D:5      | Entered Level 5 of the Dungeon
  4848 | D:5      | Found Ivvya's Distillery.
  4855 | D:5      | Bought a potion of heal wounds for 60 gold pieces
  4855 | D:5      | Bought a potion of curing for 36 gold pieces
  4855 | D:5      | Bought a potion of heal wounds for 60 gold pieces
  4883 | D:5      | Reached XP level 8. HP: 43/49 MP: 8/8
  4910 | D:5      | Found Meaxku's Armour Emporium.
  4948 | D:5      | Reached skill level 1 in Armour
  4953 | D:5      | Reached skill level 5 in Stealth
  5252 | D:5      | XOM: silly message
  5284 | D:5      | Found Ypeuff's Antique Weapon Shop.
  5455 | D:5      | XOM: cloud trail
  5598 | D:5      | XOM: harmless Summ miscast
  5866 | D:6      | Found a sand-covered staircase.
  5872 | Ossuary  | Entered an ossuary
  6035 | Ossuary  | XOM: silly message
  6080 | Ossuary  | XOM: divination: detect items
  6113 | Ossuary  | Reached XP level 9. HP: 53/56 MP: 9/9
  6150 | Ossuary  | XOM: harmless Conj miscast
  6162 | Ossuary  | XOM: divination: detect creatures
  6180 | Ossuary  | XOM: harmless Hex miscast
  6227 | Ossuary  | XOM: harmless Hex miscast
  6319 | D:6      | XOM: confuse monster(s)
  6320 | D:6      | Noticed Daunt's ghost (novice DDEE)
  6323 | D:6      | XOM: divination: detect creatures
  6341 | D:6      | XOM: divination: detect items
  6344 | D:6      | XOM: confuse monster(s)
  6368 | D:6      | Killed Daunt's ghost
  6482 | D:6      | XOM: harmless Fire miscast
  6594 | D:6      | Noticed Eustachio
  6609 | D:6      | XOM: potion effect (berserk rage)
  6611 | D:6      | XOM: divination: detect creatures
  6617 | D:6      | Killed Eustachio
  6799 | D:6      | Found the +4 Vampire's Tooth {vamp}
  6845 | D:6      | Reached skill level 5 in Armour
  6859 | D:6      | You fall through a shaft!
  6862 | D:7      | XOM: polymorph bullfrog -> centaur
  6884 | D:7      | XOM: swap monsters
  6967 | D:7      | Found Yrhyviti's Antique Weapon Shop.
  6993 | D:7      | Found Qiutig's Serpentskin Sales.
  7090 | D:6      | Reached XP level 10. HP: 63/64 MP: 10/10
  7231 | D:6      | Found a staircase to the Ecumenical Temple.
  7294 | D:6      | XOM: noise
  7457 | D:6      | XOM: harmless Tmut miscast
  7502 | D:6      | XOM: give mutations
  7502 | D:6      | Gained mutation: Scrolls take you a little longer to read. [Xom's mischief]
  7502 | D:6      | Gained mutation: You are partially covered in iridescent scales. (AC +2) [Xom's mischief]
  7502 | D:6      | Gained mutation: Your movements are slightly less encumbered by armour. (ER -2) [Xom's mischief]
  8167 | D:5      | Bought a potion of might for 48 gold pieces
  8167 | D:5      | Bought 2 potions of might for 96 gold pieces
  8276 | D:8      | Noticed Maurice
  8285 | D:8      | Splashed by Maurice's acid

Skill      XL: |  1  2  3  4  5  6  7  8  9 10 |
---------------+-------------------------------+-----
Throwing       | 2 |  2.1
Fighting       | 3 4 5 6 7 8 |  8.2
Stealth        | 1 2 4 6 7 8 |  8.3
Dodging        | 3 4 |  4.2
Staves         | 5 6 7 |  7.8
Armour         | 3 5 6 |  6.1

Action                   |  1- 3 |  4- 6 |  7- 9 | 10-12 || total
-------------------------+-------+-------+-------+-------++-------
Melee: Quarterstaff      |    86 |    87 |   359 |    74 ||   606
Throw: Throwing net      |     1 |     1 |     1 |       ||     3
       Tomahawk          |       |       |     2 |       ||     2
  Use: Potion            |       |     1 |       |       ||     1
       Scroll            |       |    10 |    10 |     1 ||    21
 Stab: Held in net/web   |     1 |     2 |       |       ||     3
       Sleeping          |       |     3 |    10 |     1 ||    14
       Paralysed         |       |       |     1 |       ||     1
       Confused          |       |       |     3 |     1 ||     4
  Eat: Chunk             |       |     6 |     7 |       ||    13
       Ration            |       |       |     3 |     1 ||     4
Armor: Leather armour    |    33 |    35 |    21 |       ||    89
       Skin              |       |     6 |       |       ||     6
       Ring mail         |       |       |    17 |       ||    17
       Scale mail        |       |       |   154 |    46 ||   200
Dodge: Dodged            |    47 |    38 |   193 |    54 ||   332
